 Dungeon Crawl Stone Soup version 0.31-a0-161-gb58dd9be76 (webtiles) character file.

Game seed: 15583298069879494451

416 qw the Shooter (level 6, 0/58 HPs)
             Began as a Naga Hunter on June 12, 2023.
             Slain by an orc
             ... wielding a +0 club
              (4 damage)
             ... on level 4 of the Dungeon.
             The game lasted 00:01:05 (2787 turns).

qw the Shooter (Naga Hunter)                        Turns: 2787, Time: 00:01:06

Health: 0/58       AC:  4    Str: 20    XL:     6   Next: 92%
Magic:  6/6        EV: 10    Int:  9    God:
Gold:   144        SH:  0    Dex: 22    Spells: 5/5 levels left

rFire   . . .        Y - +0 shortbow
rCold   . . .        (shield currently unavailable)
rNeg    . . .        c - +0 leather armour
rPois   +            (no helmet)
rElec   .            g - scarf {repulsion}
rCorr   .            b - +0 pair of gloves
SInv    +            (no barding)
Will    .....        (no amulet)
Stlth   ++           h - +6 ring of strength
HPRegen 0.29/turn    k - +6 ring of dexterity
MPRegen 0.10/turn

%: repel missiles
@: about to teleport, short of breath, very slow
A: AC +2, large, see invisible, deformed body, poison resistance, slowness 2,
spit poison 1, naga tail 1
a: Spit Poison


You were on level 4 of the Dungeon.
You visited 1 branch of the dungeon, and saw 4 of its levels.

You collected 144 gold pieces.


Innate Abilities, Weirdness & Mutations

Your serpentine skin is tough. (AC +2)
You have supernaturally acute eyesight. (SInv)
Armour fits poorly on your strangely shaped body.
Your system is resistant to poisons. (rPois)
You cover ground very slowly.
You can spit poison.
You have a snake-like lower body.


   Skills:
 - Level 4.3 Fighting
 + Level 6.1 Ranged Weapons
 - Level 2.1 Dodging
 - Level 1.5 Stealth


You had 5 spell levels left.
You didn't know any spells.
Your spell library was empty.

Inventory:

Hand Weapons
 Y - a +0 shortbow (weapon)
Armour
 a - a +2 animal skin
 b - a +0 pair of gloves (worn)
 c - a +0 leather armour (worn)
 g - a scarf of repulsion (worn)
 j - a +0 helmet
Jewellery
 h - a +6 ring of strength (left hand)
 k - a +6 ring of dexterity (right hand)
 n - a ring of ice
Scrolls
 e - a scroll of identify
 l - 3 scrolls of teleportation
 o - a scroll of poison {unknown}
Potions
 d - a potion of mutation {unknown}
 f - a potion of resistance {unknown}
 i - a potion of curing {unknown}
 m - a potion of haste {unknown}
 p - a potion of ambrosia {unknown}

Dungeon Overview and Level Annotations

Branches:
Dungeon (4/15)
 Temple: D:4-7

Altars:
Ashenzari
Hepliaklqana
Kikubaaqudgha
Nemelex Xobeh
Ru
The Shining One

Annotations:
D:4 3 runed translucent doors, qw's ghost, amateur GrHu


Message History

The orc wizard hits you with a +0 dagger.
The orc priest hits you from afar with a +0 trident.
The orc hits you with a +0 club.
2782 ||| INVOKING Spit Poison.
Aiming: Spit Poison (1% risk of failure)
Press: ? - help, Shift-Dir - straight line, f/p - orc wizard The splash of poison hits the orc wizard.
The orc wizard is poisoned.
The orc wizard is moderately wounded.
The orc wizard misses you.
The orc priest calls upon Beogh to heal the orc wizard.
The orc wizard's wounds heal themselves!
The orc closely misses you.
You shoot an arrow. The arrow hits the orc wizard.
The orc wizard is moderately wounded.
The orc priest hits you from afar with a +0 trident.
2784 ||| READING 4 scrolls of teleportation.
As you read the scroll of teleportation, it crumbles to dust.
You feel strangely unstable.
The orc wizard hits you with a +0 dagger.
The orc priest barely misses you.
The orc wizard gestures at you while chanting.
The magic dart hits you. The orc barely misses you.
You shoot an arrow. The arrow barely misses the orc wizard.
The arrow hits the orc priest!
You kill the orc priest!
You have got your breath back.
The orc wizard hits you but does no damage.
The orc hits you but does no damage.
2786 ||| INVOKING Spit Poison.
Aiming: Spit Poison (1% risk of failure)
Press: ? - help, Shift-Dir - straight line, f/p - orc wizard The splash of poison misses the orc wizard.
The orc wizard barely misses you. The orc wizard completely misses you.
The orc hits you but does no damage.
You shoot an arrow. The arrow barely misses the orc wizard.
The orc wizard barely misses you. The orc wizard casts a spell at you.
The magic dart hits you. The orc hits you with a +0 club.
You die...

#.......##.##.#
###..^.
#.......##.##.##
..~.
##.....###.##..###
... ##...##
#.###...# #.. #####
#.# ###)# ## ##.#
#.# #..# #.# ## .
###.## #.# #.
..).####@o.#
#%######.
.....).oo###
#........
......)5#...#
######...
#######......##
##.## #.......#
#..## #.......#
###.#..
#.......#####...#.#
##..........#......
#.......###......##


You could see 2 orc wizards, an orc and an ufetubus.

Vanquished Creatures
  An ogre (D:4)
  A scorpion (D:4)
  An orc priest (D:4)
  An iguana (D:4)
  Jessica (D:3)
  An orc wizard (D:3)
  Robin (D:4)
  A gnoll (D:4)
  5 adders
  A worm (D:3)
  4 dart slugs
  7 orcs
  5 ball pythons
  4 endoplasms
  4 giant cockroaches (D:1)
  16 goblins
  8 hobgoblins
  4 jackals (D:3)
  3 kobolds
  2 quokkas
  3 bats (D:1)
  2 frilled lizards (D:1)
  7 rats
83 creatures vanquished.

Notes
Turn   | Place    | Note
-------+----------+-------------------------------------------
     0 | D:1      | qw the Naga Hunter began the quest for the Orb.
     0 | D:1      | Reached XP level 1. HP: 19/19 MP: 1/1
     0 | D:1      | 0 ||| qw: Version: 0.2-a-29-gc1b59c4
     0 | D:1      | 0 ||| qw: Game counter: 4280
     0 | D:1      | 0 ||| qw: Always use a shield: true
     0 | D:1      | 0 ||| qw: God list: Okawaru
     0 | D:1      | 0 ||| qw: Allow faded altars: false
     0 | D:1      | 0 ||| qw: Do Orc after D:15 true
     0 | D:1      | 0 ||| qw: Do second Lair branch before Depths: true
     0 | D:1      | 0 ||| qw: Lair rune preference: random
     0 | D:1      | 0 ||| qw: Plans: Normal
     0 | D:1      | 0 ||| PLANNING D:1-11
     2 | D:1      | 2 ||| INVOKING Spit Poison.
     6 | D:1      | 6 ||| INVOKING Spit Poison.
    10 | D:1      | 10 ||| INVOKING Spit Poison.
    16 | D:1      | 16 ||| INVOKING Spit Poison.
    29 | D:1      | 29 ||| INVOKING Spit Poison.
    30 | D:1      | Reached skill level 4 in Ranged Weapons
    30 | D:1      | Reached XP level 2. HP: 26/26 MP: 2/2
    71 | D:1      | 71 ||| INVOKING Spit Poison.
    77 | D:1      | 77 ||| INVOKING Spit Poison.
    89 | D:1      | 89 ||| INVOKING Spit Poison.
    93 | D:1      | 93 ||| INVOKING Spit Poison.
   108 | D:1      | 108 ||| INVOKING Spit Poison.
   250 | D:1      | 250 ||| INVOKING Spit Poison.
   284 | D:1      | 284 ||| INVOKING Spit Poison.
   428 | D:1      | 428 ||| INVOKING Spit Poison.
   457 | D:1      | 457 ||| INVOKING Spit Poison.
   676 | D:1      | 676 ||| INVOKING Spit Poison.
   766 | D:1      | 766 ||| INVOKING Spit Poison.
   771 | D:1      | 771 ||| INVOKING Spit Poison.
   772 | D:1      | 772 ||| INVOKING Spit Poison.
   774 | D:1      | Reached XP level 3. HP: 29/32 MP: 3/3
   881 | D:1      | 881 ||| UPGRADING to scarf of repulsion.
   886 | D:1      | 886 ||| READING scroll labelled SECOAL SIARHASH.
   887 | D:1      | 887 ||| READING scroll labelled TAYRUO SUKOWN.
   888 | D:1      | 888 ||| READING 2 scrolls labelled AMOTEBLUINI.
   893 | D:1      | 893 ||| READING scroll labelled GUFYPS WIMATUN.
   894 | D:1      | 894 ||| DROPPING scroll of butterflies.
   914 | D:2      | 914 ||| INVOKING Spit Poison.
   979 | D:2      | 979 ||| INVOKING Spit Poison.
  1023 | D:2      | You fall into a shaft and drop 2 floors!
  1027 | D:4      | 1027 ||| INVOKING Spit Poison.
  1043 | D:4      | 1043 ||| INVOKING Spit Poison.
  1046 | D:4      | 1046 ||| INVOKING Spit Poison.
  1059 | D:4      | Noticed a scorpion
  1060 | D:4      | 1060 ||| INVOKING Spit Poison.
  1062 | D:4      | Killed a scorpion
  1063 | D:4      | Reached skill level 5 in Ranged Weapons
  1063 | D:4      | Reached XP level 4. HP: 39/39 MP: 4/4
  1074 | D:4      | 1074 ||| INVOKING Spit Poison.
  1079 | D:4      | 1079 ||| INVOKING Spit Poison.
  1098 | D:4      | 1098 ||| UPGRADING to +0 pair of gloves.
  1103 | D:4      | 1103 ||| READING scroll labelled GAUNET XAKEBI.
  1111 | D:4      | 1111 ||| INVOKING Spit Poison.
  1123 | D:4      | 1123 ||| INVOKING Spit Poison.
  1128 | D:4      | 1128 ||| INVOKING Spit Poison.
  1129 | D:4      | HP: 9/39 [orc wizard/+0 spear (6)]
  1130 | D:4      | Reached XP level 5. HP: 11/48 MP: 5/5
  1130 | D:4      | 1130 ||| READING scroll of teleportation.
  1289 | D:3      | 1289 ||| INVOKING Spit Poison.
  1290 | D:3      | Reached skill level 3 in Fighting
  1309 | D:2      | 1309 ||| INVOKING Spit Poison.
  1435 | D:2      | 1435 ||| INVOKING Spit Poison.
  1441 | D:2      | 1441 ||| INVOKING Spit Poison.
  1716 | D:2      | 1716 ||| UPGRADING to +6 ring of strength.
  1717 | D:2      | 1717 ||| READING scroll labelled IPESOR VEMIDA.
  1739 | D:3      | 1739 ||| INVOKING Spit Poison.
  1752 | D:3      | 1752 ||| INVOKING Spit Poison.
  1780 | D:3      | 1780 ||| INVOKING Spit Poison.
  1785 | D:3      | 1785 ||| INVOKING Spit Poison.
  1838 | D:3      | 1838 ||| INVOKING Spit Poison.
  1843 | D:3      | 1843 ||| INVOKING Spit Poison.
  1850 | D:3      | 1850 ||| INVOKING Spit Poison.
  1946 | D:3      | 1946 ||| INVOKING Spit Poison.
  1950 | D:3      | 1950 ||| INVOKING Spit Poison.
  1952 | D:3      | Reached skill level 6 in Ranged Weapons
  2005 | D:3      | Noticed Jessica
  2007 | D:3      | 2007 ||| INVOKING Spit Poison.
  2010 | D:3      | Killed Jessica
  2011 | D:3      | Reached XP level 6. HP: 56/56 MP: 6/6
  2017 | D:3      | 2017 ||| INVOKING Spit Poison.
  2040 | D:3      | 2040 ||| INVOKING Spit Poison.
  2050 | D:3      | Found a broken altar of Ashenzari.
  2053 | D:3      | Found an ancient bone altar of Kikubaaqudgha.
  2066 | D:3      | Found a glowing golden altar of the Shining One.
  2066 | D:3      | Found a hazy altar of Hepliaklqana.
  2067 | D:3      | Found a sacrificial altar of Ru.
  2067 | D:3      | Found a sparkling altar of Nemelex Xobeh.
  2068 | D:3      | 2068 ||| INVOKING Spit Poison.
  2253 | D:3      | 2253 ||| UPGRADING to +6 ring of dexterity.
  2254 | D:3      | 2254 ||| DRINKING 2 fuming emerald potions.
  2278 | D:3      | 2278 ||| READING 2 scrolls of identify.
  2278 | D:3      | 2278 ||| IDENTIFYING smoky red potion
  2279 | D:3      | 2279 ||| DROPPING potion of brilliance.
  2280 | D:3      | 2280 ||| DROPPING potion of lignification.
  2322 | D:4      | 2322 ||| INVOKING Spit Poison.
  2325 | D:4      | 2325 ||| INVOKING Spit Poison.
  2426 | D:4      | 2426 ||| INVOKING Spit Poison.
  2444 | D:4      | 2444 ||| INVOKING Spit Poison.
  2449 | D:4      | 2449 ||| INVOKING Spit Poison.
  2453 | D:4      | 2453 ||| INVOKING Spit Poison.
  2456 | D:4      | Noticed Robin
  2458 | D:4      | 2458 ||| INVOKING Spit Poison.
  2461 | D:4      | 2461 ||| INVOKING Spit Poison.
  2464 | D:4      | 2464 ||| INVOKING Spit Poison.
  2469 | D:4      | 2469 ||| INVOKING Spit Poison.
  2472 | D:4      | 2472 ||| INVOKING Spit Poison.
  2476 | D:4      | 2476 ||| INVOKING Spit Poison.
  2477 | D:4      | Killed Robin
  2625 | D:4      | 2625 ||| INVOKING Spit Poison.
  2630 | D:4      | 2630 ||| INVOKING Spit Poison.
  2644 | D:4      | Found a runed translucent gate.
  2644 | D:4      | Found a runed translucent gate.
  2644 | D:4      | Found a runed translucent gate.
  2645 | D:4      | Noticed qw's ghost (amateur GrHu)
  2766 | D:4      | 2766 ||| INVOKING Spit Poison.
  2773 | D:4      | 2773 ||| INVOKING Spit Poison.
  2775 | D:4      | 2775 ||| Stepping ~*~*~tactically~*~*~ (outnumbered).
  2779 | D:4      | 2779 ||| INVOKING Spit Poison.
  2782 | D:4      | 2782 ||| INVOKING Spit Poison.
  2783 | D:4      | HP: 11/58 [orc priest/+0 trident (5)]
  2784 | D:4      | 2784 ||| READING 4 scrolls of teleportation.
  2786 | D:4      | 2786 ||| INVOKING Spit Poison.
  2787 | D:4      | HP: 4/58 [orc wizard/magic dart (3)]
  2787 | D:4      | Slain by an orc

Levels and vault maps discovered:
D:1:      dpeg_arrival_prison, layout_basic
D:2:      layout_basic
D:3:      layout_rooms, minitemple, chequers_serial_rivers_marsh, uniq_jessica
D:4:      minmay_chambers_of_fours, layout_rooms, gammafunk_ghost_nasty_kobolds,
          chequers_serial_rivers_micro_e, uniq_robin

Skill      XL: |  1  2  3  4  5  6 |
---------------+-------------------+-----
Ranged Weapons | 4 5 6 |  6.1
Fighting       | 3 4 |  4.3
Dodging        | 2 |  2.1
Stealth        | |  1.5

Action                     |  1- 3 |  4- 6 || total
---------------------------+-------+-------++-------
   Fire: Shortbow          |    39 |   123 ||   162
Ability: Spit Poison       |    23 |    41 ||    64
    Use: Scroll            |     4 |     5 ||     9
         Potion            |       |     1 ||     1
 Armour: Leather armour    |     3 |    28 ||    31
  Dodge: Dodged            |    13 |    37 ||    50
         Repelled          |       |     1 ||     1

Table legend:
 A = Non-vault XP
 B = Vault XP
 C = Vault XP percentage of total XP
 D = Non-vault monster count
 E = Vault monster count
 F = Vault count percentage of total count
                 A         B        C        D         E       F
            +---------+---------+-------+---------+---------+-------
      Total |     378 |     217 |  36.5 |      60 |      23 |  27.7
            +---------+---------+-------+---------+---------+-------
        D:1 |      25 |      10 |  28.6 |      16 |       6 |  27.3
        D:2 |      22 |       0 |   0.0 |       5 |       0 |   0.0
        D:3 |     122 |      37 |  23.3 |      24 |       1 |   4.0
        D:4 |     209 |     170 |  44.9 |      15 |      16 |  51.6
            +---------+---------+-------+---------+---------+-------
